Map: Catalyst LE

Players

Lambo - Winner!

  • Race: Zerg Zerg
  • Spawn Location: 11:00

Jehuty

  • Race: Protoss Protoss
  • Spawn Location: 5:00

Event: WCS Valencia 2018

VOD

Have the link to the VOD?

Description

Time

  • Played on: July 12, 2018, 6:19 a.m.
  • Length: 6:38

All games in this series

Show
View Real Time Build Order
Export as new Build Order

Lambo Zerg - Winner!

Build Orders: Hatch First 

Get SALT Encoding   

  12  0:00  Drone  
  13  0:12  Overlord  
  13  0:17  Drone  
  14  0:31  Drone x2  
  16  0:49  Hatchery  
  15  0:51  Drone  
  15  0:56  Drone  
  17  0:59  Drone  
  18  1:10  Extractor  
  17  1:14  Spawning Pool  
  17  1:18  Drone  
  17  1:21  Drone  
  18  1:29  Drone  
  19  1:39  Drone  
  20  1:50  Overlord  
  20  2:01  Queen x2  
  20  2:03  Zergling x4  
  26  2:12  Drone x2  
  28  2:20  Metabolic Boost  
  28  2:21  Drone  
  29  2:31  Drone  
  29  2:35  Hatchery  
  29  2:40  Drone  
  30  2:44  Zergling x2  
  30  2:47  Overlord  
  30  2:48  Drone  
  32  2:56  Queen  
  34  2:58  Drone  
  34  3:01  Drone  
  36  3:10  Drone x2  
  36  3:11  Drone x2  
  40  3:13  Drone x2  
  42  3:21  Drone x2  
  42  3:26  Overlord  
  44  3:27  Overlord  
  44  3:43  Lair  
  44  3:44  Queen  
  44  3:45  Drone x3  
  44  3:47  Drone  
  44  3:48  Drone  
  51  3:50  Drone  
  51  3:55  Drone  
  55  3:57  Extractor  
  55  3:59  Extractor  
  55  4:02  Roach Warren, Drone x2  
  52  4:05  Drone x2  
  52  4:07  Overlord  
  52  4:09  Drone  
  56  4:10  Drone  
  56  4:15  Drone x3  
  59  4:19  Spore Crawler  
  59  4:21  Spore Crawler  
  57  4:25  Overlord  
  57  4:28  Drone x3  
  60  4:34  Drone x2  
  60  4:36  Drone  
  63  4:40  Drone x2  
  63  4:44  Glial Reconstitution, Overlord  
  64  4:47  Overlord, Drone  
  64  4:48  Drone  
  64  4:51  Extractor  
  65  4:55  Overlord  
  65  5:00  Overlord  
  65  5:02  Roach x4  
  73  5:08  Roach x3  
  73  5:13  Roach  
  73  5:14  Roach  
  83  5:18  Roach x3  
  89  5:24  Overlord  
  89  5:26  Roach x4  
  97  5:29  Overlord  
  97  5:34  Roach x2  
  101  5:36  Ravager x2  
  101  5:38  Roach  
  101  5:42  Overlord  
  105  5:44  Zergling x2, Roach x2  
  110  5:51  Zergling x4  
  110  5:53  Ravager  
  110  5:55  Zergling x12  
  110  5:56  Ravager  
  120  5:59  Overlord  
  120  6:00  Zergling x2  
  120  6:03  Ravager  
  122  6:04  Roach  
  122  6:08  Overlord  
  122  6:09  Zergling x4  
  126  6:11  Zergling x2  
  126  6:15  Zergling x4  
  128  6:20  Zergling x6  
Show
View Real Time Build Order
Export as new Build Order

Jehuty Protoss 

Build Orders: Oracle Opening 

Get SALT Encoding   

  1  0:00  Probe  
  12  0:06  Probe  
  14  0:19  Pylon  
  14  0:23  Probe  
  15  0:37  Probe  
  16  0:43  Gateway  
  16  0:48  Assimilator  
  16  0:49  Probe  
  17  1:00  Probe  
  18  1:08  Probe  
  18  1:16  Probe  
  19  1:21  Pylon  
  20  1:31  Cybernetics Core  
  22  1:39  Probe  
  21  1:51  Nexus  
  21  1:54  Probe  
  22  2:01  Assimilator  
  22  2:02  Adept  
  22  2:06  Probe  
  23  2:09  Warp Gate  
  25  2:19  Probe  
  26  2:31  Pylon, Probe  
  27  2:37  Adept  
  27  2:43  Probe  
  30  2:50  Stargate  
  30  2:55  Probe  
  32  3:05  Probe  
  32  3:06  Pylon  
  32  3:07  Probe  
  33  3:16  Probe  
  33  3:17  Probe  
  35  3:24  Probe  
  35  3:26  Probe  
  35  3:32  Probe  
  35  3:34  Probe  
  37  3:38  Oracle  
  42  3:44  Assimilator, Probe  
  42  3:47  Robotics Facility  
  43  3:53  Gateway  
  43  3:54  Probe  
  43  3:55  Gateway  
  44  3:56  Probe  
  44  4:02  Probe  
  45  4:08  Probe  
  47  4:10  Probe  
  47  4:12  Oracle  
  47  4:15  Sentry  
  53  4:29  Probe  
  53  4:30  Probe  
  55  4:36  Immortal  
  59  4:41  Probe  
  59  4:45  Nexus  
  60  4:50  Sentry, Assimilator  
  62  5:05  Gateway  
  62  5:06  Pylon  
  62  5:08  Pylon  
  62  5:09  Pylon  
  62  5:21  Probe  
  62  5:22  Probe  
  62  5:24  Phoenix  
  66  5:30  Probe x2  
  68  5:37  Pylon  
  68  5:38  Forge, Probe  
  68  5:41  Pylon  
  68  5:42  Pylon  
  68  5:52  Sentry x2  
  68  5:53  Sentry, Pylon  
  74  5:57  Probe x2  
  74  5:58  Probe  
  77  6:09  Probe x2  
  77  6:10  Probe  
  82  6:21  Probe, Robotics Bay  
  82  6:22  Robotics Facility, Probe x2  
  74  6:28  Sentry x2  
Tags
 
Add a new tag
Caveats
  • Supply blocks, unpowered buildings, or Contaminate may cause inaccurate times.
  • Supply counts are checked every 10 seconds.